 Dungeon Crawl Stone Soup version 0.21.0-22-g11d5b52 (webtiles) character file.

5170 asishallab the Cleaver (level 10, -5/70 HPs)
             Began as a Formicid Fighter on Jan 18, 2018.
             Was an Elder of Makhleb.
             Slain by an orc warrior
             ... wielding a +0 glaive
              (9 damage)
             ... on level 9 of the Dungeon.
             The game lasted 00:23:35 (8283 turns).

asishallab the Cleaver (Formicid Fighter)           Turns: 8283, Time: 00:23:36

Health: -5/70      AC: 11    Str: 22    XL:     10   Next: 90%
Magic:  16/16      EV:  6    Int:  7    God:    Makhleb [****..]
Gold:   379        SH: 20    Dex: 10    Spells: 9/9 levels left

rFire    . . .     SeeInvis +   a - +1 war axe
rCold    . . .     Gourm    .   d - +3 large shield of the Other Side {MR++ Dex-3 Stlth+}
rNeg     . . .     Faith    .   w - +0 chain mail
rPois    .         Spirit   .   (helmet unavailable)
rElec    .         Reflect  .   A - +0 cloak
rCorr    .         Harm     .   (no gloves)
MR       +++..                  u - +0 pair of boots
Stlth    ..........             (no amulet)
HPRegen  0.21/turn              (no ring)
MPRegen  0.15/turn              (no ring)

@: no status effects
A: permanent stasis, dig shafts and tunnels, four strong arms, antennae 3
a: Dig, Shaft Self, Minor Destruction, Lesser Servant of Makhleb, Major
Destruction, Renounce Religion


You were on level 9 of the Dungeon.
You worshipped Makhleb.
Makhleb was greatly pleased with you.
You were not hungry.

You visited 1 branch of the dungeon, and saw 9 of its levels.

You collected 428 gold pieces.
You spent 49 gold pieces at shops.

Inventory:

Hand Weapons
 a - a +1 war axe (weapon)
 D - a +0 shortbow
Missiles
 h - 128 stones
 k - 86 sling bullets
 n - 7 tomahawks (quivered)
 E - 66 arrows
Armour
 c - a +1 shield
 d - the +3 large shield of the Other Side (worn) {MR++ Dex-3 Stlth+}
   (You found it on level 4 of the Dungeon)

   It affects your dexterity (-3).
   It affects your resistance to hostile enchantments.
   It makes you more stealthy.
 u - a +0 pair of boots (worn)
 w - a +0 chain mail (worn)
 A - a +0 cloak (worn)
Wands
 e - a wand of flame (15)
 j - a wand of random effects (53)
 p - a wand of scattershot (7)
 C - a wand of polymorph (10)
Scrolls
 i - 7 scrolls of remove curse
 m - a scroll of immolation
 o - 2 scrolls of magic mapping
 r - a scroll of noise
 s - 4 scrolls of fog
 t - a scroll of amnesia
 v - a scroll of enchant armour
 x - 2 scrolls of identify
 y - a scroll of fear
 F - a scroll of random uselessness {unknown}
Potions
 g - 2 potions of magic
 q - a potion of curing
 z - 2 potions of berserk rage {unknown}
Books
 b - a book of Changes

   Spells                             Type                      Level
   a - Beastly Appendage              Transmutation                1
   b - Sticks to Snakes               Transmutation                2
   c - Spider Form                    Transmutation/Poison         3
   d - Ice Form                       Ice/Transmutation            4
   e - Blade Hands                    Transmutation                5
 l - a book of Cantrips

   Spells                             Type                      Level
   a - Confusing Touch                Hexes                        1
   b - Animate Skeleton               Necromancy                   1
   c - Summon Small Mammal            Summoning                    1
   d - Apportation                    Translocation                1
Comestibles
 f - 18 rations
 B - 4 chunks of flesh


   Skills:
 - Level 3.2 Fighting
 * Level 11.1 Axes
 - Level 3.2 Armour
 + Level 10.0 Shields
 + Level 8.7 Invocations


You had 9 spell levels left.
You didn't know any spells.

Dungeon Overview and Level Annotations

Branches:
Dungeon (9/15)             Temple (0/1) D:5            Lair (0/6) D:9
    Orc: D:9-12

Altars:
Kikubaaqudgha
Makhleb
Sif Muna

Shops:
D:4 *   D:5 *

Annotations:
D:9 Erolcha


Innate Abilities, Weirdness & Mutations

You cannot be hasted, slowed, berserked, paralysed or teleported.
You can dig through walls and to a lower floor.
Your four strong arms can wield two-handed weapons with a shield.
You have a pair of large antennae on your head. (SInv)


Message History

The wolf bites you but does no damage. You block the phantom's attack.
You block the wolf's attack.
A demon appears!
You block the orc warrior's attack. The wolf bites you but does no damage.
You block the phantom's attack.
You closely miss the phantom.
The phantom is lightly damaged.
You miss the wolf. You block the wolf's attack. The wolf bites you.
* * * LOW HITPOINT WARNING * * *
The orc warrior hits you from afar with a glaive!
* * * LOW HITPOINT WARNING * * *
The phantom barely misses you.
Erolcha gestures wildly while chanting.
Erolcha seems to speed up.
Your neqoxec hits the phantom!
You extend your mandibles.
You dig through the rock wall.
You block the wolf's attack. x2
The phantom hits you.
* * * LOW HITPOINT WARNING * * *
The phantom blinks!
The orc warrior hits you from afar with a glaive!
You die...

##.................#
#.....<........)))######
.......................))....#
######..................######
#..................#
.#................##
#..#.........3....##
##.####.####§###### . .. #@†#
#.##h#### #..oyoO.# #...oh..#
#{>......# #..#.##.## #......
... #...... .##. ....... .. #


You could see Erolcha, an orc warrior, 2 wolves, a killer bee, an orc and a
friendly neqoxec.

Vanquished Creatures
  Eustachio (D:5)
  The ghost of microfolk the Chopper, an amateur HOMo (D:4)
  Grum (D:9)
  Menkaure (D:6)
  A water moccasin (D:7)
  A black bear (D:8)
  4 ice beasts
  A phantom (D:8)
  4 centaurs
  An ogre (D:4)
  An orc warrior (D:8)
  2 wolves (D:9)
  The ghost of Nanban the Sneak, an amateur FeMo (D:3)
  2 gnoll sergeants
  3 bullfrogs
  2 scorpions (D:6)
  A water moccasin skeleton (D:5)
  4 killer bees
  12 wights
  2 vampire bats (D:5)
  3 howler monkeys (D:8)
  6 crimson imps
  2 bullfrog skeletons
  6 hounds
  A bullfrog zombie (D:5)
  2 jellies
  3 centaur skeletons
  Crazy Yiuf (D:6)
  A gnoll shaman (D:4)
  2 orc priests (D:4)
  5 orc wizards
  Jessica (D:3)
  Terence (D:3)
  3 iguanas
  4 worker ants
  A killer bee zombie (D:5)
  A hound skeleton (D:8)
  2 hound zombies
  A howler monkey zombie (D:6)
  A worker ant zombie (D:6)
  A howler monkey skeleton (D:8)
  19 gnolls
  15 adders
  A shadow imp (D:8)
  3 oozes (D:1)
  An adder skeleton (D:4)
  6 worms
  A dart slug (D:1)
  3 leopard geckos
  21 orcs
  13 bats
  4 giant cockroaches
  8 goblins
  11 hobgoblins
  6 jackals
  8 kobolds
  4 quokkas
  6 frilled lizards
  2 jackal skeletons (D:4)
  A leopard gecko skeleton (D:7)
  5 rats
232 creatures vanquished.

Vanquished Creatures (others)
  A human (D:7)
  5 toadstools (D:1)
6 creatures vanquished.

Grand Total: 238 creatures vanquished

Notes
Turn   | Place    | Note
-------+----------+-------------------------------------------
     0 | D:1      | asishallab the Formicid Fighter began the quest for the Orb.
     0 | D:1      | Reached XP level 1. HP: 18/18 MP: 1/1
   120 | D:1      | Reached XP level 2. HP: 24/24 MP: 2/2
   259 | D:1      | Reached skill level 3 in Axes
   259 | D:1      | Reached XP level 3. HP: 21/29 MP: 3/3
   812 | D:2      | Reached XP level 4. HP: 35/35 MP: 4/4
  1249 | D:2      | Found a burning altar of Makhleb.
  1318 | D:2      | Noticed a cacodemon
  1321 | D:2      | Noticed a ynoxinul
  1321 | D:2      | Noticed a smoke demon
  1323 | D:2      | Became a worshipper of Makhleb the Destroyer
  1396 | D:3      | Reached skill level 4 in Axes
  1409 | D:3      | Noticed Nanban's ghost (amateur FeMo)
  1414 | D:3      | Killed Nanban's ghost
  1414 | D:3      | Reached skill level 1 in Invocations
  1414 | D:3      | Reached XP level 5. HP: 34/41 MP: 4/6
  1651 | D:3      | Noticed Terence
  1659 | D:3      | Noticed Jessica
  1666 | D:3      | Reached skill level 5 in Shields
  1667 | D:3      | Killed Terence
  1667 | D:3      | Reached XP level 6. HP: 39/47 MP: 7/7
  1673 | D:3      | Killed Jessica
  2097 | D:4      | Reached * piety under Makhleb
  2101 | D:4      | Reached skill level 5 in Axes
  2400 | D:4      | Reached XP level 7. HP: 47/52 MP: 7/9
  2679 | D:4      | Found Ygel Xyb Quf's General Store.
  2717 | D:4      | Noticed microfolk's ghost (amateur HOMo)
  2746 | D:4      | Killed microfolk's ghost
  2749 | D:4      | Reached skill level 6 in Axes
  3067 | D:4      | Reached XP level 8. HP: 39/58 MP: 10/10
  3225 | D:4      | Got a bloodstained large shield
  3236 | D:4      | Identified the +3 large shield of the Other Side {MR++ Dex-3 Stlth+} (You found it on level 4 of the Dungeon)
  3662 | D:5      | Entered Level 5 of the Dungeon
  4004 | D:5      | Reached skill level 7 in Axes
  4050 | D:5      | Reached ** piety under Makhleb
  4114 | D:5      | Found Ycoduch's General Store.
  4165 | D:5      | Bought a +0 pair of boots for 49 gold pieces
  4246 | D:5      | Noticed Eustachio
  4293 | D:5      | Killed Eustachio
  4293 | D:5      | Reached skill level 5 in Invocations
  4517 | D:5      | Found a staircase to the Ecumenical Temple.
  4575 | D:5      | Reached XP level 9. HP: 62/64 MP: 13/13
  4798 | D:6      | Reached skill level 8 in Axes
  5181 | D:6      | Noticed Menkaure
  5188 | D:6      | Killed Menkaure
  5650 | D:6      | Reached *** piety under Makhleb
  5650 | D:6      | Reached skill level 9 in Axes
  5829 | D:6      | Found a runed door.
  5971 | D:6      | Noticed Crazy Yiuf
  5982 | D:6      | Killed Crazy Yiuf
  6193 | D:7      | You fall through a shaft!
  6538 | D:7      | Reached XP level 10. HP: 70/70 MP: 15/15
  6860 | D:7      | Reached skill level 10 in Axes
  6917 | D:7      | Found an ancient bone altar of Kikubaaqudgha.
  7031 | D:7      | Found a deep blue altar of Sif Muna.
  8207 | D:9      | Reached **** piety under Makhleb
  8214 | D:9      | Reached skill level 11 in Axes
  8238 | D:9      | Found a staircase to the Lair.
  8245 | D:9      | Noticed Grum
  8247 | D:9      | Noticed Erolcha
  8279 | D:9      | Killed Grum
  8279 | D:9      | Reached skill level 10 in Shields
  8283 | D:9      | Slain by an orc warrior

Skill      XL: |  1  2  3  4  5  6  7  8  9 10 |
---------------+-------------------------------+-----
Shields        | 4 5 6 7 8 10 | 10.0
Axes           | 3 4 5 6 7 9 11 | 11.1
Invocations    | 1 2 3 5 7 8 |  8.7
Fighting       | |  3.2
Armour         | |  3.2

Action                   |  1- 3 |  4- 6 |  7- 9 | 10-12 || total
-------------------------+-------+-------+-------+-------++-------
Melee: War axe           |    78 |   151 |   540 |   345 ||  1114
 Fire: Shortbow          |       |       |       |     2 ||     2
Throw: Tomahawk          |       |     5 |    28 |    10 ||    43
       Stone             |       |     3 |     3 |     1 ||     7
Invok: Minor Destruction |       |       |     1 |       ||     1
       Lesser Servant of |       |       |       |     1 ||     1
       Major Destruction |       |       |       |     1 ||     1
 Abil: Dig               |       |     2 |       |     1 ||     3
  Use: Scroll            |       |     8 |       |     3 ||    11
       Potion            |       |     5 |     9 |     1 ||    15
  Eat: Chunk             |       |     4 |    16 |     6 ||    26
Armor: Scale mail        |    31 |    21 |       |       ||    52
       Chain mail        |       |    29 |   175 |    89 ||   293
       Skin              |       |       |     7 |       ||     7
Dodge: Dodged            |    27 |    38 |    75 |    34 ||   174
Block: Shield            |    50 |    88 |    45 |       ||   183
       Large shield      |       |       |   488 |   368 ||   856
